Description

It's just for my own training....

Replay - Season4_2016_Placement_TvT_Loss_Opponent-Better-BO

Build Order

Get SALT Encoding   

  12  0:03  SCV  
  13  0:13  Supply Depot  
  13  0:18  SCV  
  14  0:30  SCV  
  15  0:38  Barracks  
  15  0:42  Refinery  
  15  0:46  SCV  
  16  1:22  Command Center  
  16  1:28  Reaper  
  17  1:41  Orbital Command  
  17  1:57  Supply Depot  
  17  2:02  Barracks Reactor  
  17  2:19  SCV  
  18  2:28  Factory  
  18  2:30  Refinery  
  18  2:31  SCV  
  19  3:07  Marine x2  
  21  3:13  Factory Tech Lab  
  21  3:17  Orbital Command  
  21  3:25  Marine x2  
  23  3:40  Siege Tank  
  25  3:43  Marine x2  
  27  3:57  Barracks  
  27  3:59  Engineering Bay, SCV  
  27  4:00  Marine, SCV  
  27  4:01  Barracks, Marine  
  31  4:14  SCV  
  32  4:18  Marine x2  
  32  4:20  Supply Depot  
  34  4:36  Siege Tank  
  37  4:38  SCV x2  
  37  4:43  Supply Depot  
  39  4:46  Terran Infantry Armor Level 1  
  39  4:47  Barracks Tech Lab x2  
  39  4:50  SCV x2  
  41  4:58  Missile Turret  
  41  5:02  Missile Turret  
  41  5:10  Missile Turret  
  41  5:13  SCV  
  42  5:23  Missile Turret  
  42  5:25  Concussive Shells, Stimpack  
  42  5:29  SCV x2  
  38  5:48  Siege Tank  
  41  6:01  Command Center  
  41  6:02  SCV x2  
  43  6:12  Marine x3, Marauder  
  43  6:14  SCV  
  43  6:18  SCV  
  50  6:20  Siege Tank  
  53  6:26  SCV  
  53  6:30  SCV  
  53  6:31  Marauder  
  57  6:34  Supply Depot  
  57  6:36  Supply Depot  
  57  6:37  Supply Depot  
  57  6:38  SCV  
  58  6:44  Supply Depot  
  58  6:53  Engineering Bay  
  58  7:03  Engineering Bay  
  58  7:05  SCV x2  
  60  7:15  Marauder  
  62  7:16  Marine x2  
  62  7:17  Marauder, SCV x2  
  62  7:21  Command Center  
  68  7:23  Sensor Tower  
  68  7:27  Refinery  
  68  7:29  SCV x2  
  70  7:30  Refinery, Missile Turret  
  70  7:31  Missile Turret  
  70  7:35  Orbital Command  
  70  7:42  Marine x2  
  70  7:43  Marine, Marauder  
  75  7:44  Combat Shields  
  75  7:48  Terran Infantry Weapons Level 1  
  75  7:54  Supply Depot  
  75  8:14  Marine x2  
  75  8:15  Marine, Marauder  
  80  8:23  Starport  
  80  8:27  Armory  
  80  8:30  Supply Depot  
  80  8:32  Supply Depot  
  80  8:33  Marauder  
  82  8:34  Planetary Fortress  
  82  8:37  SCV  
  82  8:38  SCV x2  
  79  8:49  Marine x2  
  79  8:50  Marauder, SCV x3  
  79  8:54  Marine  
  87  9:01  Starport Reactor  
  87  9:07  Marine x2, SCV x3  
  92  9:11  Marauder  
  92  9:12  Marine  
  92  9:14  Refinery  
  92  9:16  Refinery  
  95  9:19  SCV x3  
  95  9:23  Missile Turret  
  98  9:25  Missile Turret  
  98  9:30  Siege Tank  
  101  9:32  Marine x2  
  101  9:33  Marine, Marauder  
  106  9:42  Barracks  
  106  9:44  Barracks  
  106  9:50  Marine  
  106  9:51  Marauder  
  109  9:53  Barracks  
  109  9:55  Terran Vehicle And Ship Armor Level 1  
  109  9:57  Terran Infantry Weapons Level 2, Terran Infantry Armor Level 2  
  109  9:59  Marine x2  
Spawning Tool Build Advisor. Get it on Overwolf

Go to:

Details

  • Created by: ElvonMF   
  • Published on: Oct 03, 2016
  • Modified on: Oct 03, 2016
  • Patch: Pre-3.8.0
Show
View Real Time Build Order
Export as new Build Order

Comments (0)

There are no comments. Be the first!

Create an account to comment!